 Dungeon Crawl Stone Soup version 0.18.1-48-g4cf74bf (webtiles) character file.

8318 Heedrag the Destroyer (level 11, -9/55 HPs)
             Began as a Deep Elf Conjurer on July 31, 2016.
             Was an Elder of Vehumet.
             Mangled by Maurice
             ... wielding a +0 short sword
              (13 damage)
             ... on level 11 of the Dungeon.
             The game lasted 00:29:55 (11154 turns).

Heedrag the Destroyer (Deep Elf Conjurer)          Turns: 11154, Time: 00:29:56

Health: -9/55      AC:  7    Str:  7 (8)  XL:     11   Next: 8%
Magic:  2/37       EV: 15    Int: 21      God:    Vehumet [****..]
Gold:   651        SH:  2    Dex: 14 (15) Spells: 8 memorised, 11 levels left

rFire  + . .     SeeInvis .     t - +2 whip (pain)
rCold  . . .     Gourm    .     Z - +1 robe {rF+}
rNeg   . . .     Faith    .     (no shield)
rPois  .         Spirit   .     x - +0 helmet
rElec  .         Dismiss  .     (no cloak)
rCorr  .         Reflect  .     l - +0 pair of gloves (curse)
SustAt .         Harm     .     (no boots)
MR     +....     Rnd*Rage +     (no amulet)
Stlth  +++.......               K - ring of magical power
                                C - ring of stealth

@: somewhat resistant to hostile enchantments, fairly stealthy
A: repulsion field 1, large bone plates 1, berserk 1, deterioration 1, screaming
2
a: Renounce Religion


You were on level 11 of the Dungeon.
You worshipped Vehumet.
Vehumet was greatly pleased with you.
You were very hungry.

You visited 2 branches of the dungeon, and saw 12 of its levels.
You also visited: Sewer.

You collected 651 gold pieces.

Inventory:

Hand Weapons
 t - a +2 whip of pain (weapon)
 T - a +3 mace of holy wrath
Armour
 a - a +0 robe
 l - a cursed +0 pair of gloves (worn)
 x - a +0 helmet (worn)
 R - a +0 buckler
 Z - a +1 robe of fire resistance (worn)
Magical Staves
 v - an uncursed staff of summoning
Jewellery
 d - an uncursed ring of positive energy
 f - a +2 ring of slaying
 z - an uncursed ring of protection from cold
 C - a ring of stealth (left hand)
 K - a ring of magical power (right hand)
 L - a +2 ring of evasion
 X - an uncursed ring of ice {unknown}
Wands
 w - a wand of lightning (6/15)
 B - a wand of flame (26/48)
 F - a wand of paralysis (19/24)
 I - a wand of disintegration (15/24)
 J - a wand of teleportation (2/9)
 Q - a wand of slowing (19/48)
Scrolls
 e - a scroll of blinking {unknown}
 g - 9 scrolls of identify {unknown}
 h - 6 scrolls of enchant weapon {unknown}
 j - 2 scrolls of recharging {unknown}
 k - a scroll of silence {unknown}
 m - 6 scrolls of remove curse {unknown}
 o - 5 scrolls of fog {unknown}
 p - 2 scrolls of immolation {unknown}
 r - 7 scrolls of teleportation {unknown}
 D - a scroll of fear {unknown}
 E - 2 scrolls of enchant armour {unknown}
 P - 2 scrolls of noise {unknown}
Potions
 i - a potion of haste
 q - 4 potions of might
 u - 6 potions of curing
 A - 2 potions of heal wounds
 G - 3 potions of degeneration
 V - a potion of resistance
Books
 b - a book of Conjurations

   Spells                             Type                      Level
   a - Magic Dart                     Conjuration                  1
   b - Searing Ray                    Conjuration                  2
   c - Dazzling Spray                 Conjuration/Hexes            3
   d - Fulminant Prism                Conjuration/Hexes            4
   e - Iskenderun's Mystic Blast      Conjuration                  4
   f - Iskenderun's Battlesphere      Conjuration/Charms           5
 y - a book of Envenomations

   Spells                             Type                      Level
   a - Spider Form                    Transmutation/Poison         3
   b - Olgreb's Toxic Radiance        Poison                       4
   c - Alistair's Intoxication        Transmutation/Poison         5
   d - Poisonous Cloud                Conjuration/Poison/Air       6
 M - a book of Battle

   Spells                             Type                      Level
   a - Infusion                       Charms                       1
   b - Shroud of Golubria             Charms/Translocation         2
   c - Song of Slaying                Charms                       2
   d - Spectral Weapon                Hexes/Charms                 3
   e - Regeneration                   Charms/Necromancy            3
 N - a book of Party Tricks

   Spells                             Type                      Level
   a - Summon Butterflies             Summoning                    1
   b - Apportation                    Translocation                1
   c - Tukima's Dance                 Hexes                        3
   d - Alistair's Intoxication        Transmutation/Poison         5
   e - Invisibility                   Hexes                        6
 O - a book of Frost

   Spells                             Type                      Level
   a - Freeze                         Ice                          1
   b - Throw Frost                    Conjuration/Ice              2
   c - Ozocubu's Armour               Charms/Ice                   3
   d - Throw Icicle                   Conjuration/Ice              4
   e - Summon Ice Beast               Ice/Summoning                4
 W - a book of Maledictions

   Spells                             Type                      Level
   a - Corona                         Hexes                        1
   b - Ensorcelled Hibernation        Hexes/Ice                    2
   c - Confuse                        Hexes                        3
   d - Tukima's Dance                 Hexes                        3
   e - Dazzling Spray                 Conjuration/Hexes            3
 Y - a book of Clouds

   Spells                             Type                      Level
   a - Mephitic Cloud                 Conjuration/Poison/Air       3
   b - Conjure Flame                  Conjuration/Fire             3
   c - Poisonous Cloud                Conjuration/Poison/Air       6
   d - Freezing Cloud                 Conjuration/Ice/Air          6
   e - Ring of Flames                 Charms/Fire                  7
Comestibles
 c - 9 bread rations
 n - 7 meat rations
 s - 2 royal jellies
 H - 2 beef jerkies
 S - 3 fruits


   Skills:
 + Level 0.5 Fighting
 + Level 2.7 Dodging
 - Level 2.4 Stealth
 + Level 11.6 Spellcasting
 * Level 13.6 Conjurations
 - Level 11.2 Charms
 + Level 1.0 Summonings
 + Level 0.5 Necromancy


You had 11 spell levels left.
You knew the following spells:

 Your Spells              Type           Power        Failure   Level  Hunger
a - Magic Dart            Conj           ####         1%          1    None
b - Dazzling Spray        Conj/Hex       #####.       1%          3    None
c - Iskenderun's Mystic   Conj           ######..     1%          4    #......
d - Iskenderun's Battles  Conj/Chrm      ######..     1%          5    ####...
e - Fulminant Prism       Conj/Hex       #####.....   1%          4    #......
f - Regeneration          Chrm/Necr      #####.....   1%          3    None
g - Summon Butterflies    Summ           ###.....     3%          1    None
h - Flame Tongue          Conj/Fire      #####        1%          1    None


Dungeon Overview and Level Annotations

Branches:
Dungeon (11/15)            Temple (1/1) D:5             Orc (0/2) D:9
   Lair: D:8-11

Altars:
Ashenzari
Cheibriados
Dithmenos
Elyvilon
Fedhas
Gozag
Kikubaaqudgha
Makhleb
Nemelex Xobeh
Okawaru
Pakellas
Qazlal
Ru
Sif Muna
Trog
Vehumet
Xom
Yredelemnul
Zin
The Shining One

Shops:
D:5 *   D:6 %


Innate Abilities, Weirdness & Mutations

You are surrounded by a mild repulsion field (EV +2).
You are partially covered in large bone plates (AC +2, SH +2).
You tend to lose your temper in combat.
Your body sometimes deteriorates upon taking damage.
You sometimes yell uncontrollably at your foes.


Message History

Deactivatin' autopickup; reactivate wit' Ctrl-A.
Tha bolt o' lightnin' misses ye. x2
Tha bolt o' lightnin' hits tha sky beast.
Tha sky beast completely resists.
Tha sky beast closely misses ye.
Ye see 'ere a wolf corpse.
Yer skin stops crawlin'.
Tha sky beast flickers outta sight!
Somethin' hits ye but does nay damage.
Ye see 'ere a jackal corpse.
Ye hear a zap.
A bolt o' lightnin' appears from outta thin air!
Tha bolt o' lightnin' hits ye!
* * * LOW HITPOINT WARNIN'
* * * Somethin' hits ye.
* * * LOW HITPOINT WARNIN'
* * * Somethin' shocks ye.
* * * LOW HITPOINT WARNIN'
* * * Yer body deteriorates!
Ye feel clumsy.
Somethin' hits ye!
Ye die...

......).........
≈.....#####.... #..≈≈≈...
≈≈....#...#... #..≈≈≈...
≈≈....'...#..#####...≈≈≈..
≈.....#...#..#.......≈≈≈≈.
......#'###..#......≈≈≈≈≈.
.........(...#.>....≈≈≈≈≈.
.............'.....≈≈≈≈.≈.
.............#..@....≈≈.≈.
≈.############.......†≈.≈.
≈. ....................
..###+####..†...(...
#.††#.....# #.).#......
#.#+#...... #.# ...... ..#
.....


There were no monsters in sight!

Vanquished Creatures
  The ghost of Situis the Nimble, a novice DsGl of Dithmenos (D:9)
  The ghost of daning the Carver, a novice HESk of Okawaru (D:11)
  A hill giant (D:10)
  A troll (D:11)
  A two-headed ogre (D:6)
  The ghost of Situis the Ducker, an amateur DsGl of Okawaru (D:4)
  A spriggan (D:10)
  4 yaks (D:10)
  A hungry ghost (D:9)
  2 ice beasts
  2 water moccasins
  4 orc warriors
  A black bear (D:9)
  A sky beast (D:8)
  A necrophage (D:6)
  4 wolves (D:11)
  3 centaurs
  3 ogres
  7 big kobolds
  8 giant frogs
  A gnoll sergeant (D:8)
  A scorpion (D:9)
  6 killer bees (D:10)
  8 wights
  4 howler monkeys
  2 crimson imps
  A centaur zombie (D:9)
  A quasit (D:9)
  9 hounds
  A centaur skeleton (D:7)
  A giant frog skeleton (D:6)
  3 jellies
  4 orc priests
  2 iguanas
  14 orc wizards
  2 worker ants
  A hound skeleton (D:11)
  3 gnolls (D:8)
  15 adders
  A river rat (Sewer)
  A shadow imp (D:6)
  6 oozes
  5 worms
  2 dart slugs
  10 giant geckos
  27 orcs
  5 giant cockroaches
  4 goblins
  14 hobgoblins
  8 jackals
  28 kobolds
  6 quokkas
  7 ball pythons
  7 bats
  2 giant newts (D:1)
  A jackal skeleton (D:4)
  A quokka zombie (D:6)
  10 rats
272 creatures vanquished.

Notes
Turn   | Place    | Note
--------------------------------------------------------------
     0 | D:1      | Heedrag the Deep Elf Conjurer began the quest for the Orb.
     0 | D:1      | Reached XP level 1. HP: 10/10 MP: 6/6
   195 | D:1      | Reached XP level 2. HP: 15/15 MP: 1/8
   704 | D:1      | Reached skill level 5 in Conjurations
   724 | D:1      | Reached XP level 3. HP: 17/19 MP: 0/10
   729 | D:1      | Learned a level 3 spell: Dazzling Spray
  1889 | D:3      | Reached XP level 4. HP: 22/24 MP: 6/12
  1980 | D:3      | Found a glowing drain.
  1988 | Sewer    | Entered a sewer
  2052 | Sewer    | Learned a level 4 spell: Fulminant Prism
  2061 | Sewer    | Noticed a big kobold
  2077 | Sewer    | Killed a big kobold
  2077 | Sewer    | Reached skill level 5 in Spellcasting
  2077 | Sewer    | Reached skill level 6 in Conjurations
  2077 | Sewer    | Reached XP level 5. HP: 21/28 MP: 0/14
  2085 | Sewer    | Learned a level 5 spell: Iskenderun's Battlesphere
  2238 | Sewer    | Reached skill level 1 in Charms
  2514 | Sewer    | Reached XP level 6. HP: 19/32 MP: 4/16
  2724 | Sewer    | Reached skill level 7 in Conjurations
  3140 | D:3      | Found a bloodstained altar of Trog.
  3494 | D:3      | Learned a level 4 spell: Iskenderun's Mystic Blast
  3767 | D:4      | Found a radiant altar of Vehumet.
  3768 | D:4      | Noticed Situis's ghost (amateur DsGl)
  3770 | D:4      | Reached XP level 7. HP: 34/36 MP: 10/18
  3782 | D:4      | Killed Situis's ghost
  3782 | D:4      | Reached skill level 8 in Conjurations
  3793 | D:4      | Became a worshipper of Vehumet
  4290 | D:4      | Reached skill level 5 in Charms
  4480 | D:4      | Reached XP level 8. HP: 29/41 MP: 1/20
  4868 | D:4      | Reached skill level 9 in Conjurations
  4869 | D:4      | Reached * piety under Vehumet
  4869 | D:4      | Offered knowledge of Flame Tongue by Vehumet.
  5034 | D:5      | Entered Level 5 of the Dungeon
  5204 | D:5      | Found a staircase to the Ecumenical Temple.
  5265 | Temple   | Entered the Ecumenical Temple
  5484 | D:5      | Found Zecal's Assorted Antiques.
  5732 | D:5      | Learned a level 3 spell: Regeneration
  6160 | D:6      | Learned a level 1 spell: Summon Butterflies
  6717 | D:6      | Reached skill level 10 in Conjurations
  7099 | D:6      | Noticed a two-headed ogre
  7119 | D:6      | Killed a two-headed ogre
  7119 | D:6      | Reached XP level 9. HP: 45/45 MP: 23/23
  7149 | D:6      | Found Ystrick's Food Shoppe.
  7834 | D:7      | Found an opulent altar of Gozag.
  7841 | D:7      | Learned a level 1 spell: Flame Tongue
  7844 | D:7      | Offered knowledge of Throw Flame by Vehumet.
  7936 | D:7      | Reached ** piety under Vehumet
  8078 | D:8      | Reached skill level 11 in Conjurations
  8519 | D:8      | Offered knowledge of Static Discharge by Vehumet.
  8770 | D:8      | Found a shadowy altar of Dithmenos.
  8779 | D:8      | Found a sacrificial altar of Ru.
  8784 | D:8      | Found a stormy altar of Qazlal.
  8812 | D:8      | Found an opulent altar of Gozag.
  8866 | D:8      | Gained mutation: You tend to lose your temper in combat. [mutagenic meat]
  8893 | D:8      | Gained mutation: Your body sometimes deteriorates upon taking damage. [potion of mutation]
  8893 | D:8      | Gained mutation: You are partially covered in large bone plates (AC +2, SH +2). [potion of mutation]
  8893 | D:8      | Gained mutation: You occasionally shout uncontrollably at your foes. [potion of mutation]
  9025 | D:9      | Reached skill level 10 in Spellcasting
  9170 | D:9      | Noticed Situis's ghost (novice DsGl)
  9174 | D:9      | Killed Situis's ghost
  9174 | D:9      | Reached skill level 12 in Conjurations
  9174 | D:9      | Reached XP level 10. HP: 50/50 MP: 18/26
  9338 | D:9      | Reached *** piety under Vehumet
  9671 | D:9      | Found a staircase to the Orcish Mines.
  9840 | D:9      | Offered knowledge of Sticky Flame by Vehumet.
  9851 | D:9      | Reached skill level 10 in Charms
  9979 | D:9      | Found a sparkling altar of Nemelex Xobeh.
  9980 | D:9      | Found a blossoming altar of Fedhas.
 10365 | D:10     | Entered Level 10 of the Dungeon
 10479 | D:10     | Gained mutation: You are surrounded by a mild repulsion field (EV +2). [potion of mutation]
 10479 | D:10     | Gained mutation: You are weak. (Str -2) [potion of mutation]
 10479 | D:10     | Gained mutation: You sometimes yell uncontrollably at your foes. [potion of mutation]
 10480 | D:10     | Lost mutation: You are weak. (Str -2) [potion of mutation]
 10710 | D:10     | Reached **** piety under Vehumet
 10812 | D:10     | Noticed a hill giant
 10815 | D:10     | Killed a hill giant
 10815 | D:10     | Offered knowledge of Force Lance by Vehumet.
 10815 | D:10     | Reached skill level 13 in Conjurations
 11022 | D:11     | Noticed daning's ghost (novice HESk)
 11026 | D:11     | Killed daning's ghost
 11123 | D:11     | Reached XP level 11. HP: 54/54 MP: 25/28
 11135 | D:11     | Reached skill level 1 in Summonings
 11154 | D:11     | Mangled by Maurice

Skill      XL: |  1  2  3  4  5  6  7  8  9 10 11 |
---------------+----------------------------------+-----
Spellcasting   | 4 5 6 7 8 10 11 | 11.6
Conjurations   | 5 6 7 8 10 12 13 | 13.6
Charms         | 2 3 5 7 9 11 | 11.2
Summonings     | 1 |  1.0
Fighting       | |  0.5
Dodging        | |  2.7
Stealth        | |  2.4
Necromancy     | |  0.5

Action                   |  1- 3 |  4- 6 |  7- 9 | 10-12 || total
-------------------------+-------+-------+-------+-------++-------
Melee: Dagger            |     9 |       |       |       ||     9
       Whip              |     5 |    13 |     6 |     3 ||    27
 Cast: Magic Dart        |    91 |   146 |   289 |   149 ||   675
       Iskenderun's Batt |       |     1 |    34 |    24 ||    59
       Regeneration      |       |       |     6 |     5 ||    11
       Iskenderun's Myst |       |       |     3 |     8 ||    11
  Use: Potion            |       |       |    12 |     3 ||    15
       Scroll            |       |       |       |     3 ||     3
  Eat: Chunk             |     3 |     5 |    27 |     9 ||    44
       Pizza             |       |       |       |     1 ||     1
Armor: Robe              |     6 |     9 |     4 |    19 ||    38
Dodge: Dodged            |    24 |    20 |    40 |    67 ||   151
Block: Other             |       |       |       |     6 ||     6
